 Dungeon Crawl Stone Soup version 0.29-a0-1027-gcd8c55af63 (webtiles) character file.

Game seed: 8292608106223808259

42 siradein the Trooper (level 3, -11/49 HPs)
             Began as a Draconian Berserker on Aug 13, 2022.
             Was a Follower of Trog.
             Mangled by a gnoll
             ... wielding a +0 halberd
              (14 damage)
             ... on level 2 of the Dungeon.
             The game lasted 00:01:40 (1040 turns).

siradein the Trooper (Draconian Berserker)          Turns: 1040, Time: 00:01:40

Health: -11/49     AC:  5    Str: 19    XL:     3   Next: 33%
Magic:  3/3        EV: 12    Int:  7    God:    Trog [*.....]
Gold:   82         SH:  0    Dex: 12    Spells: 2/2 levels left

rFire   . . .      SeeInvis .   a - +0 falchion
rCold   . . .      Faith    .   (no shield)
rNeg    . . .      Spirit   .   (body armour unavailable)
rPois   .          Reflect  .   (helmet restricted)
rElec   .          Harm     .   (no cloak)
rCorr   .          Rampage  .   (no gloves)
Will    .....                   (no boots)
Stlth   ..........              (no amulet)
HPRegen 0.16/turn               (no ring)
MPRegen 0.08/turn               (no ring)

@: berserking, very quick
A: AC +5, unfitting armour, cold-blooded
a: Renounce Religion, Berserk


You were on level 2 of the Dungeon.
You worshipped Trog.
Trog was aware of your devotion.
You visited 1 branch of the dungeon, and saw 2 of its levels.

You collected 82 gold pieces.

Inventory:

Hand Weapons
 a - a +0 falchion (weapon)
Scrolls
 c - a scroll of teleportation {unknown}
 d - 2 scrolls of fear {unknown}
Potions
 b - 2 potions of berserk rage {unknown}
 e - a potion of attraction {unknown}


   Skills:
 + Level 3.9 Fighting
 + Level 3.4 Long Blades
 + Level 3.2 Dodging


You had 2 spell levels left.
You didn't know any spells.
Your spell library was empty.

Dungeon Overview and Level Annotations

Branches:
Dungeon (2/15)

Altars:


Innate Abilities, Weirdness & Mutations

Your plain brown scales are hard. (AC +5)
You cannot fit into any form of body armour.
You are cold-blooded and may be slowed by cold attacks.


Message History

The ball python attacks as you move away!
The ball python bites you.
The gnoll throws a throwing net.
The throwing net misses you.
You see here a throwing net.
A red film seems to cover your vision as you go berserk!
You feel yourself moving faster!
You feel mighty!
The ball python bites you but does no damage.
The ball python grabs you. The ball python constricts you.
You slash the ball python!
You kill the ball python!
Trog accepts your kill.
You slash the gnoll!
Your tail-slap misses the gnoll.
The gnoll is almost dead.
The gnoll hits you but does no damage.
The gnoll hits you from afar with a +0 halberd.
You hit the gnoll.
You kill the gnoll!
Trog accepts your kill.
You have reached level 3!
Your experience leads to an increase in your attributes!
Increase (S)trength, (I)ntelligence, or (D)exterity?
You feel agile. x2; Your scales feel tougher.
The gnoll hits you with a +0 halberd!
* * * LOW HITPOINT WARNING * * *
The gnoll hits you but does no damage.
Things that are here:
a +0 whip; a throwing net You closely miss the gnoll.
The gnoll is heavily wounded.
The gnoll misses you.
The gnoll hits you from afar with a +0 halberd!
* * * LOW HITPOINT WARNING * * *
You slash the gnoll!
You kill the gnoll!
Trog accepts your kill.
You completely miss the adder. You tail-slap the adder!
You kill the adder!
Trog accepts your kill.
The gnoll hits you from afar with a +0 halberd!
You die...

.. .
..########S
.........#.
....).....
.........#
)......$.
#..g.# #)#
#@# #.###
#...# ##.†#
##<##
#..#####..
#..#......
#####..).#
#....)†.##


You could see a gnoll.

Vanquished Creatures
  2 gnolls (D:2)
  An adder (D:2)
  A worm (D:2)
  4 ball pythons
  2 bats (D:1)
  An endoplasm (D:1)
  A giant cockroach (D:1)
  2 hobgoblins
  2 goblins (D:1)
  4 kobolds
  2 rats (D:1)
22 creatures vanquished.

Notes
Turn   | Place    | Note
-------+----------+-------------------------------------------
     0 | D:1      | siradein the Draconian Berserker began the quest for the
                  | Orb.
     0 | D:1      | Reached XP level 1. HP: 19/19 MP: 1/1
   342 | D:1      | Reached XP level 2. HP: 26/26 MP: 2/2
   691 | D:1      | Found a faded altar of an unknown god.
  1037 | D:2      | Reached XP level 3. HP: 23/33 MP: 3/3
  1040 | D:2      | Mangled by a gnoll

Illustrated notes

Levels and vault maps discovered:
D:1:      dpeg_arrival_three_same_balls, layout_basic,
          chequers_ecumenical_altar_lobes, serial_bayou_lagoon_a
D:2:      layout_rooms, serial_shops, nicolae_shop_competitors_out_of_business

Skill      XL: |  1  2 |
---------------+-------+-----
Dodging        | 3 |  3.2
Fighting       | |  3.9
Long Blades    | |  3.4

Action                   || total
-------------------------++-------
Melee: Falchion          ||    65
       Tailslap          ||     9
       Punch             ||     1
Invok: Berserk           ||     1
 Stab: Sleeping          ||     1
Armor: Skin              ||    19
Dodge: Dodged            ||    63

Table legend: (Time is in decaauts)
 A = Elapsed time spent in this place.
 B = Non-inter-level travel time spent in this place.
 C = Inter-level travel time spent in this place.
 D = Time resting spent in this place.
 E = Time spent auto-exploring this place.
 F = Levels seen in this place.
 G = Mean time per level.
                   A        B        C        D        E       F      G
               +--------+--------+--------+--------+--------+-----+--------+
         Total |   1051 |   1043 |      8 |    171 |    718 |   2 |  525.5 |
       Dungeon |   1051 |   1043 |      8 |    171 |    718 |   2 |  525.5 |
               +--------+--------+--------+--------+--------+-----+--------+

Top non-repeatable levels by time:
     D:1: 997 daAuts
     D:2: 53 daAuts
